 Dungeon Crawl Stone Soup version 0.31.0-11-ge490571c62 (webtiles) character file.

Game seed: 3476708323319005544

28 SnakkuSnakku7 the Conjurer (level 3, -1/26 HPs)
             Began as a Merfolk Conjurer on Feb 1, 2024.
             Incinerated by a bombardier beetle (5 damage)
             ... with a burning spray
             ... on level 3 of the Dungeon.
             The game lasted 00:01:50 (1862 turns).

SnakkuSnakku7 the Conjurer (Merfolk Conjurer)       Turns: 1862, Time: 00:01:50

Health: -1/26      AC:  3    Str:  7    XL:     3   Next: 12%
Magic:  0/6        EV: 17    Int: 17    God:
Gold:   118        SH:  0    Dex: 14    Spells: 5/6 levels left

rFire   . . .        a - +0 falchion
rCold   . . .        (no shield)
rNeg    . . .        n - +0 leather armour
rPois   .            (no helmet)
rElec   .            (no cloak)
rCorr   .            (no gloves)
SInv    .            (no boots)
Will    .....        p - amulet of guardian spirit
Stlth   +            q - +5 ring of evasion
HPRegen 0.24/turn    (no ring)
MPRegen 0.10/turn

%: guardian spirit
@: on fire, glowing
A: (nimble swimmer 2), mertail
a: no special abilities


You were on level 3 of the Dungeon.
You visited 1 branch of the dungeon, and saw 3 of its levels.

You collected 118 gold pieces.

Inventory:

Hand Weapons
 a - a +0 falchion (weapon)
 e - a +0 dagger
 t - a +0 sling
Armour
 g - a +0 robe
 n - a +0 leather armour (worn)
Jewellery
 p - an amulet of guardian spirit (around neck)
 q - a +5 ring of evasion (left hand)
Scrolls
 c - a scroll of fog {unknown}
 d - a scroll of amnesia {unknown}
 f - a scroll of enchant armour {unknown}
 h - 2 scrolls of teleportation {unknown}
 i - 2 scrolls of immolation {unknown}
 k - a scroll of fear {unknown}
 l - 2 scrolls of identify {unknown}
 r - a scroll of silence {unknown}
Potions
 b - a potion of magic
 j - 3 potions of curing {unknown}
 m - a potion of attraction {unknown}
 o - a potion of might {unknown}
 s - a potion of ambrosia {unknown}


   Skills:
 - Level 1.0 Fighting
 + Level 0.0 Long Blades
 + Level 1.9 Ranged Weapons
 - Level 2.6 Dodging
 - Level 2.1 Stealth
 - Level 2.0 Spellcasting
 - Level 3.2 Conjurations


You had 5 spell levels left.
You knew the following spells:

 Your Spells              Type           Power      Damage    Failure   Level
a - Magic Dart            Conj           48%        1d5       8%          1

Your spell library contained the following spells:

 Spells                   Type           Power      Damage    Failure   Level
 Searing Ray              Conj           24%        2d5       12%         2
 Momentum Strike          Conj/Tloc      14%        3d8       22%         2
 Blink                    Tloc           2%         N/A       41%         2
 Lesser Beckoning         Tloc           2%         N/A       41%         2
 Hailstorm                Conj/Ice       7%         3d5       41%         3
 Fulminant Prism          Conj/Alch      3%         3d5       83%         4
 Iskenderun's Mystic Bla  Conj/Tloc      7%         2d4       83%         4
 Cause Fear               Hex            0%         N/A       96%         4
 Dimensional Bullseye     Hex/Tloc       0%         N/A       96%         4
 Arcjolt                  Conj/Air       3%         1d13      99%         5


Dungeon Overview and Level Annotations

Branches:
Dungeon (3/15)

Altars:
Zin


Innate Abilities, Weirdness & Mutations

((You are very nimble when in or above water. (Stealth+, EV+, Speed+++)))
Your lower body shifts to a powerful aquatic tail in water.


Message History

The giant cockroach is moderately wounded.
The giant cockroach completely misses you.
The giant cockroach barely misses you.
You hit the giant cockroach but do no damage.
The giant cockroach is moderately wounded.
The giant cockroach bites you. The giant cockroach barely misses you.
You closely miss the giant cockroach.
The giant cockroach is moderately wounded.
The giant cockroach closely misses you.
You closely miss the giant cockroach.
The giant cockroach is moderately wounded.
The giant cockroach bites you. The giant cockroach misses you.
You closely miss the giant cockroach.
The giant cockroach is moderately wounded.
The giant cockroach bites you but does no damage.
The bombardier beetle sprays incendiary fluid at you.
The burning spray hits you.
You are covered in liquid fire!
You completely miss the giant cockroach.
The liquid fire burns you!
The giant cockroach closely misses you. x2
You barely miss the giant cockroach. The liquid fire burns you!
The giant cockroach bites you but does no damage.
The bombardier beetle bites you.
You barely miss the giant cockroach. The liquid fire burns you!
The giant cockroach closely misses you. The giant cockroach bites you.
The bombardier beetle barely misses you.
You barely miss the giant cockroach. The liquid fire burns you!
* * * LOW HITPOINT WARNING * * *
The giant cockroach completely misses you.
The bombardier beetle bites you.
* * * LOW HITPOINT WARNING * * *
The giant cockroach misses you.
You hit the giant cockroach.
The giant cockroach is almost dead.
The liquid fire burns you!
You die...

.. .. #. ... #.
#.# # #. #.# #.
#. #.### #..#.
#...
#...B###.#######
#.>..@B.........
########.######
#.# #.# #.# #.#
#.# #.# #.#


You could see a bombardier beetle and a giant cockroach.

Vanquished Creatures
  An endoplasm (D:1)
  3 giant cockroaches
  2 goblins (D:1)
  2 hobgoblins
  A jackal (D:1)
  3 kobolds (D:1)
  2 quokkas
  3 ball pythons
  5 bats
  2 rats (D:1)
24 creatures vanquished.

Notes
Turn   | Place    | Note
-------+----------+-------------------------------------------
     0 | D:1      | SnakkuSnakku7 the Merfolk Conjurer began the quest for the
                  | Orb.
     0 | D:1      | Reached XP level 1. HP: 13/13 MP: 3/3
    13 | D:1      | Got the Incunable of Hurtful Anathema
   211 | D:1      | Reached skill level 1 in Fighting
   408 | D:1      | Reached XP level 2. HP: 19/21 MP: 5/5
   424 | D:1      | Reached skill level 1 in Ranged Weapons
  1186 | D:2      | Reached XP level 3. HP: 26/26 MP: 6/6
  1366 | D:2      | Found a glowing silver altar of Zin.
  1862 | D:3      | Incinerated by a bombardier beetle

Illustrated notes

Levels and vault maps discovered:
D:1:      lightli_arrival_flooded_house, layout_basic, kennysheep_flooded_box,
          minmay_cupped
D:2:      layout_basic, basic_altar
D:3:      layout_basic, shapermc_ecumenical_altar_notcrosses

Skill      XL: |  1  2 |
---------------+-------+-----
Fighting       | 1 |  1.0
Ranged Weapons | 1 |  1.9
Dodging        | |  2.6
Stealth        | |  2.1
Spellcasting   | |  2.0
Conjurations   | |  3.2

Action                     || total
---------------------------++-------
  Melee: Unarmed           ||     6
         Dagger            ||     1
         Falchion          ||    17
   Fire: Sling             ||    70
   Cast: Magic Dart        ||     5
   Stab: Sleeping          ||     1
 Armour: Robe              ||    27
         Leather armour    ||    11
  Dodge: Dodged            ||    56
